 Dungeon Crawl Stone Soup version 0.30.1-4-g462c640d31 (webtiles) character file.

Game seed: 7327042558261387270

34 Teneria the Ruffian (level 3, -4/30 HPs)
             Began as a Ghoul Gladiator on Sept 8, 2023.
             Slain by Terence
             ... wielding a +0 flail
              (7 damage)
             ... on level 2 of the Dungeon.
             The game lasted 00:02:39 (954 turns).

Teneria the Ruffian (Ghoul Gladiator)                Turns: 954, Time: 00:02:40

Health: -4/30      AC:  7    Str: 17    XL:     3   Next: 31%
Magic:  2/2        EV: 10    Int:  3    God:
Gold:   124        SH:  3    Dex: 12    Spells: 2/2 levels left

rFire   . .          .
                       - Unarmed
rCold   + . .        n - +0 buckler
rNeg    + + +        l - +0 scale mail
rPois   ∞            b - +0 helmet
rElec   .            (no cloak)
rCorr   .            (no gloves)
SInv    .            (no boots)
Will    .....        (no amulet) Stlth
                     k - +4 ring of slaying
HPRegen 0.00/turn    (no ring)
MPRegen 0.08/turn

%: no passive effects
@: inhibited regen
A: claws 1, cold resistance 1, negative energy resistance 3, inhibited
regeneration, torment resistance 2, devour on kill
a: no special abilities


You were on level 2 of the Dungeon.
You visited 1 branch of the dungeon, and saw 2 of its levels.

You collected 124 gold pieces.

Inventory:

Missiles
 c - 3 throwing nets (quivered)
 d - a javelin
Armour
 a - a +0 leather armour
 b - a +0 helmet (worn)
 l - a +0 scale mail (worn)
 n - a +0 buckler (worn)
Jewellery
 g - an amulet of faith
 k - a +4 ring of slaying (left claw)
Scrolls
 f - 2 scrolls of blinking {unknown}
 m - a scroll of noise {unknown}
 o - 3 scrolls of identify {unknown}
 p - a scroll of vulnerability {unknown}
Potions
 e - a potion of cancellation {unknown}
 h - a potion of mutation {unknown}
 i - a potion of invisibility {unknown}
 j - 2 potions of heal wounds {unknown}
 q - a potion of haste {unknown}
 r - a potion of might {unknown}


   Skills:
 * Level 2.9 Fighting
 - Level 1.7 Throwing
 + Level 0.5 Armour
 + Level 2.9 Dodging
 * Level 0.5 Shields
 * Level 3.7 Unarmed Combat


You had 2 spell levels left.
You didn't know any spells.
Your spell library contained the following spells:

 Spells                   Type           Power      Damage    Failure   Level
 Kiss of Death            Conj/Necr      0%         2d5       96%         1
 Confusing Touch          Hex            0%         N/A       100%        3
 Portal Projectile        Hex/Tloc       0%         N/A       100%        3
 Tukima's Dance           Hex            0%         N/A       100%        3
 Dispel Undead            Necr           0%         3d6       100%        4
 Passage of Golubria      Tloc           0%         N/A       100%        4
 Yara's Violent Unravell  Hex/Tmut       0%         3d3       100%        5
 Blade Hands              Tmut           Unusable   N/A       N/A         5

Dungeon Overview and Level Annotations

Branches:
Dungeon (2/15)

Altars:

Shops:
D:2 (

Annotations:
D:2 Terence


Innate Abilities, Weirdness & Mutations

You are immune to poison.
You have sharp fingernails.
Your flesh is cold resistant. (rC+)
You are immune to negative energy. (rN+++)
You do not regenerate when monsters are visible.
You are immune to unholy pain and torment.
You thrive by killing the living.


Message History

You closely miss the ball python. You block the ball python's attack.
The ball python constricts you.
You closely miss the ball python. The ball python bites you.
The ball python constricts you.
You barely miss the ball python.
The ball python bites you but does no damage.
The ball python constricts you.
You scratch the ball python.
You kill the ball python!
A kobold comes into view. It is wielding a +0 short sword.
The kobold throws a stone.
The stone closely misses you.
A kobold is nearby!
The kobold throws a stone.
The stone hits you.
The kobold throws a stone.
The stone misses you.
You see here 11 gold pieces.
The kobold barely misses you.
You closely miss the kobold. The kobold hits you but does no damage.
You scratch the kobold.
You kill the kobold!
Things that are here:
a +0 short sword; 4 stones; a kobold corpse You now have 124 gold pieces (gained 11).
A kobold comes into view. It is wielding a +0 dagger.
The kobold shouts!
A kobold is nearby!
Found 5 gold pieces.
Found a leather armour.
Terence the Incautious comes into view.
He is wielding a +0 flail and carrying a wand of flame (5).
Terence shouts!
You scratch the kobold.
You kill the kobold!
Found a scroll labelled SIXOONG MERIYDGH and 5 gold pieces.
Things that are here:
a +0 dagger; a kobold corpse You scratch Terence but do no damage.
Terence hits you with a +0 flail.
You barely miss Terence. Terence hits you with a +0 flail!
You completely miss Terence.
Terence zaps a wand.
The puff of flame hits you!
* * * LOW HITPOINT WARNING * * *
You scratch Terence but do no damage. Terence hits you with a +0 flail!
You die...

# #.#.# # #$ #.#.#
#.#.# # #[
#.#.######.#.# #
.? .............#
##### #.
#...######.###
....# #..#$..# #.#
###.# ##.#..#...#
#.# .. ..........#
#.# ###
......@@..# #.#
..#
......##.#######.#
..# ####.
#.........# ..# #
########### ..#
..# ..###. .......
..###.#


You could see Terence.

Vanquished Creatures
  An adder (D:2)
  4 ball pythons
  2 bats (D:1)
  An endoplasm (D:1)
  A giant cockroach (D:2)
  A hobgoblin (D:2)
  4 jackals (D:1)
  6 kobolds (D:2)
  2 frilled lizards (D:1)
  A goblin (D:2)
23 creatures vanquished.

Notes
Turn   | Place    | Note
-------+----------+-------------------------------------------
     0 | D:1      | Teneria the Ghoul Gladiator began the quest for the Orb.
     0 | D:1      | Reached XP level 1. HP: 17/17 MP: 0/0
   363 | D:1      | Reached XP level 2. HP: 25/25 MP: 1/1
   676 | D:2      | Found Miezae's Weapon Emporium.
   729 | D:2      | Reached XP level 3. HP: 30/30 MP: 2/2
   948 | D:2      | Noticed Terence
   954 | D:2      | Slain by Terence

Illustrated notes

Levels and vault maps discovered:
D:1:      psy_arrival_terrarium, layout_loops_ring,
          hangedman_abyss_or_decor_stabs
D:2:      layout_loops_ring, serial_shops, nicolae_shop_behind_doors,
          uniq_terence

Action                     || total
---------------------------++-------
  Melee: Unarmed           ||    59
 Armour: Scale mail        ||    24
         Leather armour    ||     1
  Dodge: Dodged            ||    26
  Block: Buckler           ||     1
